Philadelphia Flyers vs Hartford Whalers
Created - Sunday, September 29, 2024 at 06:50
Goals
|
| Philadelphia Flyers |
1 |
0 |
0 |
1 |
| Hartford Whalers |
1 |
2 |
0 |
3 |
|
Shots
|
| Philadelphia Flyers |
16 |
4 |
6 |
26 |
| Hartford Whalers |
13 |
9 |
11 |
33 |
|
1st period
1. Hartford Whalers , Jonathan Drouin 13 (Nick Suzuki 19, Ryan McDonagh 9) at 14:58 (PP)
2. Philadelphia Flyers , Jonas Brodin 3 (Justin Faulk 16, Sean Kuraly 7) at 16:15
Penalties :
Connor Murphy (PHI) for Goalie Interference (Minor) at 13:30, Marcus Johansson (PHI) for Tripping (Minor) at 18:16
2nd period
3. Hartford Whalers , Morgan Frost 18 (Miles Wood 7, T.J. Oshie 17) at 0:14 (PP)
4. Hartford Whalers , Joshua Norris 3 (Taylor Hall 4, Kaiden Guhle 6) at 2:09
Penalties :
Alexander Wennberg (PHI) for Tripping (Minor) at 2:37, Nick Suzuki (HFD) for Tripping (Minor) at 15:43
3rd period
No Goal
Penalties :
Torey Krug (HFD) for High sticking (Double Minor) at 1:48, Charlie McAvoy (HFD) for Holding (Minor) at 14:05
Goalie Stats
Jake Allen (PHI), 30 saves from 33 shots - (0.909), L, 3-7-1, 60:00 minutes
Anson Thornton (HFD), 25 saves from 26 shots - (0.962), W, 1-1-0, 60:00 minutes
Players Stats for Philadelphia Flyers
Player Name G A P +/- PIM S H SB GA TA FO MP PP MP PK MP
------------------------------------------------------------------------------------
Alexander Wennberg 0 0 0 0 2 2 0 2 0 0 0/0 16:33 3:08 1:41
Andrew Copp 0 0 0 0 0 1 0 0 2 1 3/11 15:52 3:10 1:00
Auston Matthews 0 0 0 0 0 1 1 0 0 0 6/10 16:08 2:40 0:09
Ben Chiarot 0 0 0 0 0 3 1 0 0 1 0/0 15:20 0:11 0:00
Bryan Rust 0 0 0 0 0 2 3 0 0 1 0/0 15:55 2:40 0:00
Casey Cizikas 0 0 0 0 0 0 2 0 0 0 8/11 15:39 2:08 2:32
Connor Murphy 0 0 0 -1 2 0 3 3 0 1 0/0 18:54 0:31 1:47
Jonas Brodin 1 0 1 1 0 2 1 2 1 4 0/0 21:58 4:02 2:53
Justin Faulk 0 1 1 1 0 1 1 1 0 0 0/0 20:41 3:24 2:53
Marcus Johansson 0 0 0 0 2 1 1 0 0 1 0/0 17:14 4:17 1:36
Matt Duchene 0 0 0 0 0 2 1 0 2 0 0/0 14:38 3:10 0:00
Matt Roy 0 0 0 0 0 1 3 1 0 1 0/0 18:38 0:42 2:32
Radek Faksa 0 0 0 0 0 3 1 0 1 0 4/10 13:21 0:11 2:29
Sean Kuraly 0 1 1 0 0 1 1 0 0 0 1/1 12:56 1:56 0:00
Sonny Milano 0 0 0 0 0 4 0 0 0 0 1/1 11:46 1:20 0:00
Trevor van Riemsdyk 0 0 0 -1 0 0 0 2 0 0 0/0 17:07 0:00 0:45
Tyler Johnson 0 0 0 0 0 1 1 0 1 0 0/1 16:13 3:45 1:23
Vladimir Tarasenko 0 0 0 0 0 1 1 0 1 0 0/1 15:39 2:30 0:00
Players Stats for Hartford Whalers
Player Name G A P +/- PIM S H SB GA TA FO MP PP MP PK MP
------------------------------------------------------------------------------------
Anthony Cirelli 0 0 0 0 0 4 0 0 1 0 0/0 19:12 3:11 3:23
Charlie McAvoy 0 0 0 0 2 1 1 0 0 0 0/0 21:52 3:12 1:56
Derek Forbort 0 0 0 0 0 2 0 4 0 0 0/0 17:17 0:00 2:38
Jonathan Drouin 1 0 1 0 0 7 0 0 1 0 2/6 18:43 3:11 2:59
Josh Anderson 0 0 0 0 0 1 0 0 0 1 1/1 11:06 0:00 1:23
Joshua Norris 1 0 1 0 0 3 1 0 1 1 2/2 9:51 0:00 0:39
Kaapo Kakko 0 0 0 0 0 2 1 0 0 0 0/0 13:16 0:00 1:21
Kaiden Guhle 0 1 1 0 0 1 1 3 0 1 0/0 16:44 0:00 1:56
Lukas Reichel 0 0 0 0 0 0 3 1 1 1 3/11 10:58 0:00 0:00
Miles Wood 0 1 1 0 0 4 1 1 1 0 1/1 14:55 2:14 0:00
Morgan Frost 1 0 1 0 0 1 1 0 1 0 7/11 18:46 2:14 3:47
Nick Suzuki 0 1 1 0 2 2 0 0 1 0 7/12 18:13 3:11 2:22
Ryan McDonagh 0 1 1 0 0 1 2 1 0 1 0/0 23:01 3:12 3:22
Ryan Suter 0 0 0 0 0 1 1 1 0 0 0/0 21:40 2:13 3:55
T.J. Oshie 0 1 1 0 0 1 0 0 1 0 0/1 14:57 2:14 0:00
Taylor Hall 0 1 1 0 0 1 0 0 0 0 0/1 9:34 0:00 0:00
Tomas Tatar 0 0 0 0 0 1 1 0 2 0 0/0 12:07 0:00 0:00
Torey Krug 0 0 0 0 4 0 0 0 0 3 0/0 19:48 2:13 2:07
3 Stars
1 - Anson Thornton (HFD)
2 - Joshua Norris (HFD)
3 - Morgan Frost (HFD)
Power Play
Philadelphia Flyers - 0 on 4 Attempt(s) - 0.00%
Hartford Whalers - 2 on 3 Attempt(s) - 66.67%
Penalty Kill
Philadelphia Flyers - 1 on 3 Attempt(s) - 33.33%
- Score 0 goal in Penalty Kill
Hartford Whalers - 4 on 4 Attempt(s) - 100.00%
- Score 0 goal in Penalty Kill
Team Stat
Philadelphia Flyers - Hits : 21 - Faceoff Wins : 23 - Blocked Shots : 11 - Penalty Minutes : 6
Hartford Whalers - Hits : 13 - Faceoff Wins : 23 - Blocked Shots : 11 - Penalty Minutes : 8
Official
Referees : Jordan Samuels and Brandon Blandina
Linesman : Devin Berg and Kiel Murchison
Game Notes
No Game Note
Finance
Level 1 -- Attendance: 6161 (61.61%) -- Ticket Income $554,490
Level 2 -- Attendance: 4631 (92.62%) -- Ticket Income $254,705
Level 3 -- Attendance: 2753 (91.77%) -- Ticket Income $82,590
Level 4 -- Attendance: 4517 (90.34%) -- Ticket Income $90,340
Luxury Box -- Attendance: 845 (84.50%) -- Ticket Income $160,550
Game was played at the Hartford Civic Center.
Total Attendance: 18907 (78.78%)
Total Ticket Income: $1,142,675
Other Income: $399,936
Total Income: $1,542,611
Philadelphia Flyers
5 vs 5 Forward
Center Left Wing Right Wing Time % Phy DF OF
1 Auston Matthews Bryan Rust Vladimir Tarasenko 25 0 3 2
2 Andrew Copp Matt Duchene Alexander Wennberg 25 0 3 2
3 Casey Cizikas Tyler Johnson Marcus Johansson 25 1 3 1
4 Radek Faksa Sean Kuraly Sonny Milano 25 1 3 1
5 vs 5 Defense
Defense Defense Time % Phy DF OF
1 Justin Faulk Jonas Brodin 35 1 3 1
2 Matt Roy Ben Chiarot 35 1 3 1
3 Connor Murphy Trevor van Riemsdyk 30 1 3 1
4 Justin Faulk Jonas Brodin 0 1 3 1
PowerPlay Forward
Center Left Wing Right Wing Time % Phy DF OF
1 Auston Matthews Bryan Rust Vladimir Tarasenko 50 0 1 4
2 Andrew Copp Matt Duchene Alexander Wennberg 50 0 1 4
PowerPlay Defense
Defense Defense Time % Phy DF OF
1 Justin Faulk Tyler Johnson 50 0 2 3
2 Jonas Brodin Marcus Johansson 50 0 2 3
Penalty Kill 4 Players Forward
Center Wing Time % Phy DF OF
1 Casey Cizikas Alexander Wennberg 50 1 3 1
2 Radek Faksa Marcus Johansson 50 1 3 1
Penalty Kill 4 Players Defense
Defense Defense Time % Phy DF OF
1 Justin Faulk Jonas Brodin 50 0 4 1
2 Matt Roy Connor Murphy 50 0 4 1
Penalty Kill - 3 Players Forward
Forward Time % Phy DF OF
1 Casey Cizikas 50 1 4 0
2 Radek Faksa 50 1 4 0
Penalty Kill - 3 Players Defense
Defense Defense Time % Phy DF OF
1 Justin Faulk Jonas Brodin 50 1 4 0
2 Matt Roy Connor Murphy 50 1 4 0
4 vs 4 Forward
Center Wing Time % Phy DF OF
1 Auston Matthews Bryan Rust 50 0 3 2
2 Andrew Copp Vladimir Tarasenko 50 0 3 2
4 vs 4 Defense
Defense Defense Time % Phy DF OF
1 Justin Faulk Jonas Brodin 50 0 3 2
2 Matt Roy Ben Chiarot 50 0 3 2
Last Minutes Offensive
Center Left Wing Right Wing Defense Defense
Auston Matthews Bryan Rust Vladimir Tarasenko Justin Faulk Jonas Brodin
Last Minutes Defensive
Center Left Wing Right Wing Defense Defense
Casey Cizikas Radek Faksa Alexander Wennberg Justin Faulk Jonas Brodin
Goaltenders
Starting : Jake Allen
Backup : Connor Ingram
Extra Forwards
Normal : Matt Duchene, Casey Cizikas, Tyler Johnson - PP : Matt Duchene, Casey Cizikas - PK : Tyler Johnson
Extra Defensemen
Normal : Connor Murphy, Trevor van Riemsdyk, Jonas Brodin - PP : Connor Murphy - PK : Trevor van Riemsdyk, Jonas Brodin
Penalty Shots
Auston Matthews, Matt Duchene, Bryan Rust, Vladimir Tarasenko, Alexander Wennberg
Scratches
Louis Crevier (Healthy), Matt Rempe (Healthy), Jesper Fast (Healthy), Marcel Marcel (Healthy), Daniil Misyul (Healthy)
Hartford Whalers
5 vs 5 Forward
Center Left Wing Right Wing Time % Phy DF OF
1 Nick Suzuki Anthony Cirelli Jonathan Drouin 30 1 2 2
2 Morgan Frost Miles Wood T.J. Oshie 30 1 2 2
3 Lukas Reichel Tomas Tatar Kaapo Kakko 25 1 2 2
4 Joshua Norris Taylor Hall Josh Anderson 15 1 2 2
5 vs 5 Defense
Defense Defense Time % Phy DF OF
1 Charlie McAvoy Ryan McDonagh 35 1 2 2
2 Torey Krug Ryan Suter 35 1 2 2
3 Kaiden Guhle Derek Forbort 30 1 2 2
4 Charlie McAvoy Ryan McDonagh 0 1 2 2
PowerPlay Forward
Center Left Wing Right Wing Time % Phy DF OF
1 Nick Suzuki Anthony Cirelli Jonathan Drouin 50 1 2 2
2 Morgan Frost Miles Wood T.J. Oshie 50 1 2 2
PowerPlay Defense
Defense Defense Time % Phy DF OF
1 Charlie McAvoy Ryan McDonagh 50 1 2 2
2 Torey Krug Ryan Suter 50 1 2 2
Penalty Kill 4 Players Forward
Center Wing Time % Phy DF OF
1 Nick Suzuki Anthony Cirelli 50 1 2 2
2 Jonathan Drouin Morgan Frost 50 1 2 2
Penalty Kill 4 Players Defense
Defense Defense Time % Phy DF OF
1 Charlie McAvoy Ryan McDonagh 50 1 2 2
2 Torey Krug Ryan Suter 50 1 2 2
Penalty Kill - 3 Players Forward
Forward Time % Phy DF OF
1 Nick Suzuki 50 1 2 2
2 Anthony Cirelli 50 1 2 2
Penalty Kill - 3 Players Defense
Defense Defense Time % Phy DF OF
1 Charlie McAvoy Ryan McDonagh 50 1 2 2
2 Torey Krug Ryan Suter 50 1 2 2
4 vs 4 Forward
Center Wing Time % Phy DF OF
1 Nick Suzuki Anthony Cirelli 50 1 2 2
2 Jonathan Drouin Morgan Frost 50 1 2 2
4 vs 4 Defense
Defense Defense Time % Phy DF OF
1 Charlie McAvoy Ryan McDonagh 50 1 2 2
2 Torey Krug Ryan Suter 50 1 2 2
Last Minutes Offensive
Center Left Wing Right Wing Defense Defense
Nick Suzuki Anthony Cirelli Jonathan Drouin Charlie McAvoy Ryan McDonagh
Last Minutes Defensive
Center Left Wing Right Wing Defense Defense
Nick Suzuki Anthony Cirelli Jonathan Drouin Charlie McAvoy Ryan McDonagh
Goaltenders
Starting : Anson Thornton
Backup : Anton Forsberg
Extra Forwards
Normal : Tomas Tatar, Taylor Hall, Kaapo Kakko - PP : Tomas Tatar, Taylor Hall - PK : Kaapo Kakko
Extra Defensemen
Normal : Kaiden Guhle, Charlie McAvoy, Torey Krug - PP : Kaiden Guhle - PK : Derek Forbort, Torey Krug
Penalty Shots
Nick Suzuki, Anthony Cirelli, Jonathan Drouin, Morgan Frost, T.J. Oshie
Scratches
Alec Martinez (Healthy), Matthew Coronato (Healthy), Spencer Knight (Healthy)
% Time on Ice - Philadelphia Flyers
Lines # - Real PCT - Wanted PCT - Time Play
Normal Forward
1 - 28% - 25% - 13:01
2 - 30% - 25% - 14:01
3 - 21% - 25% - 9:52
4 - 21% - 25% - 9:44
Normal Defense
1 - 31% - 35% - 14:39
2 - 33% - 35% - 15:37
3 - 35% - 30% - 16:22
4 - 0% - 0% - 0:00
PP Forward
1 - 42% - 50% - 3:18
2 - 58% - 50% - 4:39
PP Defense
1 - 49% - 50% - 3:55
2 - 51% - 50% - 4:02
PK Forward
1 - 51% - 50% - 2:45
2 - 49% - 50% - 2:40
PK Defense
1 - 53% - 50% - 2:53
2 - 47% - 50% - 2:32
PK3 Forward
1 - 0% - 50%
2 - 0% - 50%
PK3 Defense
1 - 0% - 50%
2 - 0% - 50%
44 Forward
1 - 0% - 50%
2 - 0% - 50%
44 Defense
1 - 0% - 50%
2 - 0% - 50%
Last Minute Offensive - 0:00
Last Minute Defensive - 0:00
Total
Forward - 60:00
Defense - 60:00
|
% Time on Ice - Hartford Whalers
Lines # - Real PCT - Wanted PCT - Time Play
Normal Forward
1 - 29% - 30% - 13:21
2 - 29% - 30% - 13:40
3 - 24% - 25% - 10:58
4 - 19% - 15% - 8:39
Normal Defense
1 - 36% - 35% - 16:36
2 - 33% - 35% - 15:14
3 - 30% - 30% - 14:06
4 - 2% - 0% - 0:42
PP Forward
1 - 59% - 50% - 3:11
2 - 41% - 50% - 2:14
PP Defense
1 - 59% - 50% - 3:12
2 - 41% - 50% - 2:13
PK Forward
1 - 47% - 50% - 3:45
2 - 53% - 50% - 4:12
PK Defense
1 - 51% - 50% - 4:02
2 - 49% - 50% - 3:55
PK3 Forward
1 - 0% - 50%
2 - 0% - 50%
PK3 Defense
1 - 0% - 50%
2 - 0% - 50%
44 Forward
1 - 0% - 50%
2 - 0% - 50%
44 Defense
1 - 0% - 50%
2 - 0% - 50%
Last Minute Offensive - 0:00
Last Minute Defensive - 0:00
Total
Forward - 60:00
Defense - 60:00
|
Play-by-Play
1st period
0:01 of 1st period - Auston Matthews wins face-off versus Nick Suzuki in neutral zone.
0:06 of 1st period - Nick Suzuki is hit by Bryan Rust and loses puck.
0:27 of 1st period - Nick Suzuki is hit by Casey Cizikas and loses puck.
2:10 of 1st period - Wrist shot by Tyler Johnson.
2:10 of 1st period - Shot Blocked by Lukas Reichel.
2:12 of 1st period - Slapshot by Matt Roy.
2:12 of 1st period - Deflect By Derek Forbort.
2:12 of 1st period - Stopped by Anson Thornton with a rebound.
2:14 of 1st period - Wrist shot by Casey Cizikas.
2:14 of 1st period - Shot Blocked by Derek Forbort.
2:16 of 1st period - Slapshot by Ben Chiarot.
2:16 of 1st period - Stopped by Anson Thornton without a rebound.
2:17 of 1st period - Josh Anderson wins face-off versus Andrew Copp in Hartford Whalers zone.
3:36 of 1st period - Torey Krug is hit by Radek Faksa and loses puck.
3:55 of 1st period - Joshua Norris is hit by Connor Murphy.
4:35 of 1st period - Snap shot by Kaapo Kakko.
4:35 of 1st period - Shot Misses the Net.
4:37 of 1st period - Wrist shot by Tomas Tatar.
4:37 of 1st period - Stopped by Jake Allen without a rebound.
4:38 of 1st period - Casey Cizikas wins face-off versus Lukas Reichel in Philadelphia Flyers zone.
5:07 of 1st period - Snap shot by Lukas Reichel.
5:07 of 1st period - Shot Misses the Net.
5:09 of 1st period - Slapshot by Ryan Suter.
5:09 of 1st period - Deflect By Kaapo Kakko.
5:09 of 1st period - Shot Misses the Net.
5:09 of 1st period - Puck is out of play.
5:10 of 1st period - Nick Suzuki wins face-off versus Radek Faksa in Philadelphia Flyers zone.
6:14 of 1st period - Snap shot by Sonny Milano.
6:14 of 1st period - Stopped by Anson Thornton with a rebound.
6:16 of 1st period - Snap shot by Radek Faksa.
6:16 of 1st period - Stopped by Anson Thornton with a rebound.
6:18 of 1st period - Wrist shot by Radek Faksa.
6:18 of 1st period - Shot Blocked by Miles Wood.
6:20 of 1st period - Snap shot by Radek Faksa.
6:20 of 1st period - Stopped by Anson Thornton with a rebound.
6:44 of 1st period - Slapshot by Marcus Johansson.
6:44 of 1st period - Shot Misses the Net.
7:05 of 1st period - Icing by Matt Roy.
7:06 of 1st period - Nick Suzuki wins face-off versus Andrew Copp in Philadelphia Flyers zone.
7:07 of 1st period - Snap shot by Jonathan Drouin.
7:07 of 1st period - Stopped by Jake Allen without a rebound.
7:08 of 1st period - Auston Matthews wins face-off versus Nick Suzuki in Philadelphia Flyers zone.
7:19 of 1st period - Snap shot by Jonathan Drouin.
7:19 of 1st period - Deflect By Anthony Cirelli.
7:19 of 1st period - Stopped by Jake Allen with a rebound.
7:21 of 1st period - Backhand shot by Ryan McDonagh.
7:21 of 1st period - Stopped by Jake Allen without a rebound.
7:22 of 1st period - Joshua Norris wins face-off versus Radek Faksa in Philadelphia Flyers zone.
7:33 of 1st period - Wrist shot by Joshua Norris.
7:33 of 1st period - Shot Blocked by Jonas Brodin.
7:35 of 1st period - Slapshot by Kaiden Guhle.
7:35 of 1st period - Shot Blocked by Justin Faulk.
7:37 of 1st period - Backhand shot by Kaiden Guhle.
7:37 of 1st period - Deflect By Radek Faksa.
7:37 of 1st period - Stopped by Jake Allen with a rebound.
8:09 of 1st period - Wrist shot by T.J. Oshie.
8:09 of 1st period - Stopped by Jake Allen without a rebound.
8:10 of 1st period - Morgan Frost wins face-off versus Andrew Copp in Philadelphia Flyers zone.
8:39 of 1st period - Wrist shot by Andrew Copp.
8:39 of 1st period - Stopped by Anson Thornton with a rebound.
8:51 of 1st period - Snap shot by T.J. Oshie.
8:51 of 1st period - Shot Misses the Net.
8:55 of 1st period - Wrist shot by Miles Wood.
8:55 of 1st period - Stopped by Jake Allen with a rebound.
8:57 of 1st period - Slapshot by Charlie McAvoy.
8:57 of 1st period - Shot Misses the Net.
9:21 of 1st period - Snap shot by Miles Wood.
9:21 of 1st period - Stopped by Jake Allen without a rebound.
9:22 of 1st period - Casey Cizikas wins face-off versus Lukas Reichel in Philadelphia Flyers zone.
9:35 of 1st period - Snap shot by Tyler Johnson.
9:35 of 1st period - Shot Hit the Post.
9:37 of 1st period - Slapshot by Ben Chiarot.
9:37 of 1st period - Stopped by Anson Thornton with a rebound.
10:40 of 1st period - Wrist shot by Radek Faksa.
10:40 of 1st period - Stopped by Anson Thornton without a rebound.
10:41 of 1st period - Sean Kuraly wins face-off versus Nick Suzuki in Hartford Whalers zone.
10:42 of 1st period - Wrist shot by Sonny Milano.
10:42 of 1st period - Shot Blocked by Kaiden Guhle.
10:44 of 1st period - Snap shot by Sean Kuraly.
10:44 of 1st period - Shot Blocked by Kaiden Guhle.
10:46 of 1st period - Slapshot by Ben Chiarot.
10:46 of 1st period - Stopped by Anson Thornton without a rebound.
10:47 of 1st period - Auston Matthews wins face-off versus Lukas Reichel in Hartford Whalers zone.
10:50 of 1st period - Snap shot by Bryan Rust.
10:50 of 1st period - Stopped by Anson Thornton with a rebound.
11:02 of 1st period - Snap shot by Bryan Rust.
11:02 of 1st period - Shot Misses the Net.
11:04 of 1st period - Wrist shot by Bryan Rust.
11:04 of 1st period - Shot Blocked by Derek Forbort.
12:45 of 1st period - Jonathan Drouin is hit by Casey Cizikas and loses puck.
12:55 of 1st period - Off-side.
12:56 of 1st period - Lukas Reichel wins face-off versus Radek Faksa in neutral zone.
13:09 of 1st period - Snap shot by Sonny Milano.
13:09 of 1st period - Stopped by Anson Thornton with a rebound.
13:22 of 1st period - Tyler Johnson is hit by Charlie McAvoy and loses puck.
13:30 of 1st period - Minor Penalty to Connor Murphy for Goalie Interference.
13:31 of 1st period - Casey Cizikas wins face-off versus Nick Suzuki in Philadelphia Flyers zone.
13:38 of 1st period - Off-side.
13:39 of 1st period - Nick Suzuki wins face-off versus Radek Faksa in neutral zone.
14:10 of 1st period - Wrist shot by Marcus Johansson.
14:10 of 1st period - Deflect By Nick Suzuki.
14:10 of 1st period - Stopped by Anson Thornton with a rebound.
14:42 of 1st period - Slapshot by Nick Suzuki.
14:42 of 1st period - Stopped by Jake Allen with a rebound.
14:44 of 1st period - Slapshot by Charlie McAvoy.
14:44 of 1st period - Shot Misses the Net.
14:58 of 1st period - Snap shot by Jonathan Drouin.
14:58 of 1st period - Goal by Jonathan Drouin - Philadelphia Flyers : 0 - Hartford Whalers : 1.
14:59 of 1st period - Radek Faksa wins face-off versus Lukas Reichel in neutral zone.
15:06 of 1st period - Snap shot by Sonny Milano.
15:06 of 1st period - Stopped by Anson Thornton without a rebound.
15:07 of 1st period - Sonny Milano wins face-off versus Lukas Reichel in Hartford Whalers zone.
15:38 of 1st period - Kaiden Guhle is hit by Justin Faulk and loses puck.
15:43 of 1st period - Wrist shot by Sonny Milano.
15:43 of 1st period - Shot Misses the Net.
15:45 of 1st period - Snap shot by Jonas Brodin.
15:45 of 1st period - Shot Blocked by Kaiden Guhle.
15:55 of 1st period - Wrist shot by Sonny Milano.
15:55 of 1st period - Shot Misses the Net.
16:07 of 1st period - Wrist shot by Radek Faksa.
16:07 of 1st period - Shot Misses the Net.
16:09 of 1st period - Wrist shot by Sean Kuraly.
16:09 of 1st period - Stopped by Anson Thornton with a rebound.
16:11 of 1st period - Slapshot by Justin Faulk.
16:11 of 1st period - Shot Misses the Net.
16:13 of 1st period - Snap shot by Jonas Brodin.
16:13 of 1st period - Stopped by Anson Thornton with a rebound.
16:15 of 1st period - Slapshot by Jonas Brodin.
16:15 of 1st period - Goal by Jonas Brodin - Philadelphia Flyers : 1 - Hartford Whalers : 1.
16:16 of 1st period - Nick Suzuki wins face-off versus Auston Matthews in neutral zone.
16:43 of 1st period - Ben Chiarot is hit by Miles Wood.
17:57 of 1st period - Taylor Hall is hit by Marcus Johansson.
17:58 of 1st period - Icing by Taylor Hall.
17:59 of 1st period - Joshua Norris wins face-off versus Tyler Johnson in Hartford Whalers zone.
18:04 of 1st period - Backhand shot by Charlie McAvoy.
18:04 of 1st period - Stopped by Jake Allen with a rebound.
18:06 of 1st period - Snap shot by Josh Anderson.
18:06 of 1st period - Stopped by Jake Allen with a rebound.
18:14 of 1st period - Snap shot by Charlie McAvoy.
18:14 of 1st period - Shot Misses the Net.
18:16 of 1st period - Minor Penalty to Marcus Johansson for Tripping.
18:17 of 1st period - Morgan Frost wins face-off versus Radek Faksa in Philadelphia Flyers zone.
18:30 of 1st period - Slapshot by T.J. Oshie.
18:30 of 1st period - Shot Blocked by Jonas Brodin.
18:32 of 1st period - Snap shot by Ryan Suter.
18:32 of 1st period - Stopped by Jake Allen with a rebound.
19:20 of 1st period - Charlie McAvoy is hit by Matt Roy and loses puck.
Goals for this period are 1 for Philadelphia Flyers vs 1 for Hartford Whalers.
Shots for this period are 16 for Philadelphia Flyers vs 13 for Hartford Whalers.
2nd period
0:01 of 2nd period - Casey Cizikas wins face-off versus Morgan Frost in neutral zone.
0:04 of 2nd period - Ryan Suter is hit by Matt Roy.
0:12 of 2nd period - Snap shot by T.J. Oshie.
0:12 of 2nd period - Deflect By Miles Wood.
0:12 of 2nd period - Stopped by Jake Allen with a rebound.
0:14 of 2nd period - Snap shot by Morgan Frost.
0:14 of 2nd period - Goal by Morgan Frost - Philadelphia Flyers : 1 - Hartford Whalers : 2.
0:15 of 2nd period - Nick Suzuki wins face-off versus Andrew Copp in neutral zone.
0:24 of 2nd period - Wrist shot by Jonathan Drouin.
0:24 of 2nd period - Shot Misses the Net.
0:31 of 2nd period - Snap shot by Andrew Copp.
0:31 of 2nd period - Deflect By Matt Duchene.
0:31 of 2nd period - Stopped by Anson Thornton with a rebound.
1:29 of 2nd period - Icing by Joshua Norris.
1:30 of 2nd period - Radek Faksa wins face-off versus Taylor Hall in Hartford Whalers zone.
1:33 of 2nd period - Wrist shot by Sonny Milano.
1:33 of 2nd period - Shot Hit the Post.
1:47 of 2nd period - Snap shot by Taylor Hall.
1:47 of 2nd period - Stopped by Jake Allen with a rebound.
1:49 of 2nd period - Slapshot by Derek Forbort.
1:49 of 2nd period - Stopped by Jake Allen with a rebound.
1:51 of 2nd period - Slapshot by Josh Anderson.
1:51 of 2nd period - Deflect By Joshua Norris.
1:51 of 2nd period - Stopped by Jake Allen with a rebound.
1:59 of 2nd period - Snap shot by Joshua Norris.
1:59 of 2nd period - Stopped by Jake Allen with a rebound.
2:01 of 2nd period - Wrist shot by Taylor Hall.
2:01 of 2nd period - Shot Blocked by Trevor van Riemsdyk.
2:09 of 2nd period - Snap shot by Joshua Norris.
2:09 of 2nd period - Goal by Joshua Norris - Philadelphia Flyers : 1 - Hartford Whalers : 3.
2:10 of 2nd period - Andrew Copp wins face-off versus Nick Suzuki in neutral zone.
2:15 of 2nd period - Snap shot by Matt Duchene.
2:15 of 2nd period - Stopped by Anson Thornton without a rebound.
2:16 of 2nd period - Jonathan Drouin wins face-off versus Andrew Copp in Hartford Whalers zone.
2:18 of 2nd period - Icing by Nick Suzuki.
2:19 of 2nd period - Nick Suzuki wins face-off versus Andrew Copp in Hartford Whalers zone.
2:37 of 2nd period - Minor Penalty to Alexander Wennberg for Tripping.
2:38 of 2nd period - Casey Cizikas wins face-off versus Morgan Frost in Philadelphia Flyers zone.
3:13 of 2nd period - Wrist shot by Jonathan Drouin.
3:13 of 2nd period - Shot Misses the Net.
3:15 of 2nd period - Snap shot by Jonathan Drouin.
3:15 of 2nd period - Shot Misses the Net.
4:37 of 2nd period - Penalty to Alexander Wennberg is over, Alexander Wennberg is back on ice.
4:50 of 2nd period - Snap shot by Alexander Wennberg.
4:50 of 2nd period - Deflect By Radek Faksa.
4:50 of 2nd period - Shot Misses the Net.
4:50 of 2nd period - Puck is out of play.
4:51 of 2nd period - Lukas Reichel wins face-off versus Auston Matthews in Hartford Whalers zone.
5:04 of 2nd period - Snap shot by Auston Matthews.
5:04 of 2nd period - Shot Misses the Net.
5:58 of 2nd period - T.J. Oshie is hit by Connor Murphy.
6:02 of 2nd period - Snap shot by Sonny Milano.
6:02 of 2nd period - Stopped by Anson Thornton with a rebound.
6:14 of 2nd period - Kaiden Guhle is hit by Bryan Rust and loses puck.
6:53 of 2nd period - Jonathan Drouin is hit by Tyler Johnson and loses puck.
7:38 of 2nd period - Torey Krug is hit by Matt Roy and loses puck.
7:59 of 2nd period - Joshua Norris is hit by Ben Chiarot and loses puck.
8:06 of 2nd period - Ben Chiarot is hit by Joshua Norris and loses puck.
8:35 of 2nd period - Icing by Marcus Johansson.
8:36 of 2nd period - Casey Cizikas wins face-off versus Morgan Frost in Philadelphia Flyers zone.
9:03 of 2nd period - Alexander Wennberg is hit by Lukas Reichel and loses puck.
9:10 of 2nd period - Slapshot by Connor Murphy.
9:10 of 2nd period - Deflect By Alexander Wennberg.
9:10 of 2nd period - Stopped by Anson Thornton without a rebound.
9:11 of 2nd period - Morgan Frost wins face-off versus Casey Cizikas in Hartford Whalers zone.
10:45 of 2nd period - Off-side.
10:46 of 2nd period - Morgan Frost wins face-off versus Auston Matthews in neutral zone.
11:47 of 2nd period - Lukas Reichel is hit by Sean Kuraly and loses puck.
12:24 of 2nd period - Wrist shot by Taylor Hall.
12:24 of 2nd period - Shot Hit the Post.
12:42 of 2nd period - Snap shot by Jonathan Drouin.
12:42 of 2nd period - Stopped by Jake Allen with a rebound.
13:30 of 2nd period - Ryan McDonagh is hit by Auston Matthews and loses puck.
14:03 of 2nd period - Connor Murphy is hit by Lukas Reichel and loses puck.
14:12 of 2nd period - Tomas Tatar is hit by Connor Murphy and loses puck.
15:16 of 2nd period - Off-side.
15:17 of 2nd period - Casey Cizikas wins face-off versus T.J. Oshie in neutral zone.
15:43 of 2nd period - Minor Penalty to Nick Suzuki for Tripping.
15:44 of 2nd period - Morgan Frost wins face-off versus Andrew Copp in Hartford Whalers zone.
16:49 of 2nd period - Snap shot by Marcus Johansson.
16:49 of 2nd period - Shot Misses the Net.
17:37 of 2nd period - Wrist shot by Jonas Brodin.
17:37 of 2nd period - Shot Blocked by Derek Forbort.
17:43 of 2nd period - Penalty to Nick Suzuki is over, Nick Suzuki is back on ice.
17:48 of 2nd period - Slapshot by Ben Chiarot.
17:48 of 2nd period - Shot Misses the Net.
18:00 of 2nd period - Wrist shot by Anthony Cirelli.
18:00 of 2nd period - Stopped by Jake Allen with a rebound.
18:12 of 2nd period - Slapshot by Nick Suzuki.
18:12 of 2nd period - Shot Misses the Net.
18:15 of 2nd period - Icing by Radek Faksa.
18:16 of 2nd period - Radek Faksa wins face-off versus Morgan Frost in Philadelphia Flyers zone.
18:38 of 2nd period - Off-side.
18:39 of 2nd period - Casey Cizikas wins face-off versus Lukas Reichel in neutral zone.
Goals for this period are 0 for Philadelphia Flyers vs 2 for Hartford Whalers.
Shots for this period are 4 for Philadelphia Flyers vs 9 for Hartford Whalers.
3rd period
0:01 of 3rd period - Morgan Frost wins face-off versus Casey Cizikas in neutral zone.
0:26 of 3rd period - Andrew Copp is hit by Ryan Suter and loses puck.
0:49 of 3rd period - Wrist shot by Radek Faksa.
0:49 of 3rd period - Shot Misses the Net.
0:55 of 3rd period - Radek Faksa is hit by Kaapo Kakko and loses puck.
1:13 of 3rd period - Off-side.
1:14 of 3rd period - Miles Wood wins face-off versus Casey Cizikas in neutral zone.
1:48 of 3rd period - Double Minor Penalty to Torey Krug for High sticking.
1:49 of 3rd period - Auston Matthews wins face-off versus Jonathan Drouin in Hartford Whalers zone.
2:01 of 3rd period - Wrist shot by Bryan Rust.
2:01 of 3rd period - Deflect By Charlie McAvoy.
2:01 of 3rd period - Shot Misses the Net.
2:01 of 3rd period - Puck is out of play.
2:02 of 3rd period - Jonathan Drouin wins face-off versus Vladimir Tarasenko in Hartford Whalers zone.
2:13 of 3rd period - Anthony Cirelli is hit by Bryan Rust and loses puck.
2:40 of 3rd period - Anthony Cirelli is hit by Matt Duchene and loses puck.
2:51 of 3rd period - Matt Duchene is hit by Morgan Frost.
3:43 of 3rd period - Wrist shot by Andrew Copp.
3:43 of 3rd period - Shot Misses the Net.
3:45 of 3rd period - Slapshot by Justin Faulk.
3:45 of 3rd period - Deflect By Charlie McAvoy.
3:45 of 3rd period - Stopped by Anson Thornton with a rebound.
3:47 of 3rd period - Snap shot by Alexander Wennberg.
3:47 of 3rd period - Stopped by Anson Thornton without a rebound.
3:48 of 3rd period - Auston Matthews wins face-off versus Jonathan Drouin in Hartford Whalers zone.
4:47 of 3rd period - Snap shot by Tyler Johnson.
4:47 of 3rd period - Stopped by Anson Thornton with a rebound.
5:15 of 3rd period - Sonny Milano is hit by Kaiden Guhle and loses puck.
5:48 of 3rd period - Penalty to Torey Krug is over, Torey Krug is back on ice.
5:58 of 3rd period - Wrist shot by Jonathan Drouin.
5:58 of 3rd period - Stopped by Jake Allen with a rebound.
6:02 of 3rd period - Wrist shot by Jonathan Drouin.
6:02 of 3rd period - Stopped by Jake Allen without a rebound.
6:03 of 3rd period - Andrew Copp wins face-off versus Lukas Reichel in Philadelphia Flyers zone.
6:03 of 3rd period - Andrew Copp is hit by Lukas Reichel.
6:37 of 3rd period - Icing by Jonas Brodin.
6:38 of 3rd period - Lukas Reichel wins face-off versus Radek Faksa in Philadelphia Flyers zone.
7:03 of 3rd period - Justin Faulk is hit by Ryan McDonagh and loses puck.
7:30 of 3rd period - Snap shot by Morgan Frost.
7:30 of 3rd period - Shot Misses the Net.
8:32 of 3rd period - Snap shot by Jonathan Drouin.
8:32 of 3rd period - Shot Misses the Net.
9:13 of 3rd period - Jonas Brodin is hit by Tomas Tatar and loses puck.
9:32 of 3rd period - Sean Kuraly is hit by Ryan McDonagh and loses puck.
10:11 of 3rd period - Slapshot by Auston Matthews.
10:11 of 3rd period - Deflect By Vladimir Tarasenko.
10:11 of 3rd period - Stopped by Anson Thornton with a rebound.
10:13 of 3rd period - Wrist shot by Auston Matthews.
10:13 of 3rd period - Deflect By Vladimir Tarasenko.
10:13 of 3rd period - Shot Misses the Net.
10:13 of 3rd period - Puck is out of play.
10:14 of 3rd period - Morgan Frost wins face-off versus Auston Matthews in Hartford Whalers zone.
11:05 of 3rd period - Torey Krug is hit by Vladimir Tarasenko and loses puck.
11:10 of 3rd period - Snap shot by Auston Matthews.
11:10 of 3rd period - Stopped by Anson Thornton with a rebound.
11:12 of 3rd period - Slapshot by Bryan Rust.
11:12 of 3rd period - Stopped by Anson Thornton with a rebound.
11:20 of 3rd period - Wrist shot by Bryan Rust.
11:20 of 3rd period - Shot Blocked by Ryan Suter.
11:22 of 3rd period - Wrist shot by Vladimir Tarasenko.
11:22 of 3rd period - Shot Misses the Net.
11:24 of 3rd period - Wrist shot by Auston Matthews.
11:24 of 3rd period - Shot Misses the Net.
11:40 of 3rd period - Slapshot by Miles Wood.
11:40 of 3rd period - Stopped by Jake Allen without a rebound.
11:41 of 3rd period - Nick Suzuki wins face-off versus Andrew Copp in Philadelphia Flyers zone.
11:46 of 3rd period - Wrist shot by Nick Suzuki.
11:46 of 3rd period - Shot Misses the Net.
11:48 of 3rd period - Wrist shot by Anthony Cirelli.
11:48 of 3rd period - Shot Misses the Net.
11:50 of 3rd period - Snap shot by Anthony Cirelli.
11:50 of 3rd period - Stopped by Jake Allen without a rebound.
11:51 of 3rd period - Andrew Copp wins face-off versus Jonathan Drouin in Philadelphia Flyers zone.
12:13 of 3rd period - Slapshot by Anthony Cirelli.
12:13 of 3rd period - Shot Misses the Net.
12:15 of 3rd period - Wrist shot by Nick Suzuki.
12:15 of 3rd period - Shot Misses the Net.
12:17 of 3rd period - Slapshot by Derek Forbort.
12:17 of 3rd period - Stopped by Jake Allen with a rebound.
12:19 of 3rd period - Wrist shot by Anthony Cirelli.
12:19 of 3rd period - Shot Blocked by Connor Murphy.
12:21 of 3rd period - Slapshot by Nick Suzuki.
12:21 of 3rd period - Shot Blocked by Connor Murphy.
12:23 of 3rd period - Snap shot by Jonathan Drouin.
12:23 of 3rd period - Shot Blocked by Alexander Wennberg.
12:25 of 3rd period - Snap shot by Anthony Cirelli.
12:25 of 3rd period - Shot Misses the Net.
12:27 of 3rd period - Slapshot by Derek Forbort.
12:27 of 3rd period - Deflect By Jonathan Drouin.
12:27 of 3rd period - Stopped by Jake Allen with a rebound.
12:45 of 3rd period - Slapshot by Anthony Cirelli.
12:45 of 3rd period - Shot Blocked by Connor Murphy.
12:47 of 3rd period - Wrist shot by Jonathan Drouin.
12:47 of 3rd period - Shot Misses the Net.
12:49 of 3rd period - Snap shot by Derek Forbort.
12:49 of 3rd period - Deflect By Nick Suzuki.
12:49 of 3rd period - Stopped by Jake Allen with a rebound.
12:51 of 3rd period - Snap shot by Nick Suzuki.
12:51 of 3rd period - Shot Blocked by Trevor van Riemsdyk.
12:53 of 3rd period - Wrist shot by Anthony Cirelli.
12:53 of 3rd period - Stopped by Jake Allen with a rebound.
12:59 of 3rd period - Snap shot by Jonathan Drouin.
12:59 of 3rd period - Shot Blocked by Alexander Wennberg.
13:01 of 3rd period - Snap shot by Derek Forbort.
13:01 of 3rd period - Shot Misses the Net.
13:22 of 3rd period - Wrist shot by Jonathan Drouin.
13:22 of 3rd period - Stopped by Jake Allen without a rebound.
13:23 of 3rd period - Radek Faksa wins face-off versus Lukas Reichel in Philadelphia Flyers zone.
13:32 of 3rd period - Snap shot by Kaapo Kakko.
13:32 of 3rd period - Stopped by Jake Allen with a rebound.
13:34 of 3rd period - Wrist shot by Kaapo Kakko.
13:34 of 3rd period - Stopped by Jake Allen with a rebound.
13:36 of 3rd period - Snap shot by Tomas Tatar.
13:36 of 3rd period - Shot Hit the Post.
13:38 of 3rd period - Snap shot by Tomas Tatar.
13:38 of 3rd period - Shot Blocked by Matt Roy.
14:05 of 3rd period - Minor Penalty to Charlie McAvoy for Holding.
14:06 of 3rd period - Auston Matthews wins face-off versus Jonathan Drouin in Hartford Whalers zone.
14:09 of 3rd period - Slapshot by Auston Matthews.
14:09 of 3rd period - Shot Blocked by Ryan McDonagh.
14:23 of 3rd period - Snap shot by Vladimir Tarasenko.
14:23 of 3rd period - Shot Blocked by Derek Forbort.
16:00 of 3rd period - Kaapo Kakko is hit by Jonas Brodin and loses puck.
16:05 of 3rd period - Penalty to Charlie McAvoy is over, Charlie McAvoy is back on ice.
17:02 of 3rd period - Snap shot by Sonny Milano.
17:02 of 3rd period - Shot Misses the Net.
Goals for this period are 0 for Philadelphia Flyers vs 0 for Hartford Whalers.
Shots for this period are 6 for Philadelphia Flyers vs 11 for Hartford Whalers.
Back to the Top